[Event "Titled Tuesday Blitz April 19 Early 2022"]
[White "Kotepalli, Sai Nirupama"]
[Black "Yeletsky, Ivan"]
[WhiteFideId "5039444"]
[BlackFideId "24180327"]
[WhiteElo "2454"]
[BlackElo "2319"]
[Result "0-1"]
[Round "01"]
[TimeControl "180+1"]
[Date "2022.04.19"]
[WhiteClock "0:00:03"]
[BlackClock "0:01:03"]

1. e4 c5 2. Nf3 d6 3. d3 Nc6 4. g3 g6 5. Bg2 Bg7 6. O-O Nf6 7. c3 O-O 8. Qe2 e5 9. a3 b5 10. Nh4 d5 11. exd5 Nxd5 12. c4 bxc4 13. dxc4 Nd4 14. Qd1 Nb6 15. Bxa8 Nxa8 16. Be3 Nb6 17. Nd2 Bh3 18. Re1 f5 19. Nhf3 Bg4 20. Bxd4 cxd4 21. Qb3 e4 22. c5+ Nd5 23. Nh4 Kh8 24. Ng2 e3 25. Nc4 f4 26. gxf4 exf2+ 27. Kxf2 Nxf4 28. Nxf4 Rxf4+ 29. Kg1 Bf3 30. h4 Qxh4 31. Qb8+ Bf8 32. Qe5+ Kg8 33. Qe6+ Rf7 34. Qxf7+ Kxf7 35. Ne5+ Kg7 36. Nxf3 Qg3+ 37. Kf1 Qxf3+ 38. Kg1 Bxc5 39. b4 Bb6 40. Ra2 d3+ 41. Kh2 Bf2 0-1


[Site "https://www.chess.com"]

[Event "Titled Tuesday Blitz April 19 Early 2022"]
[White "Krishna, C R G"]
[Black "Melikhov, Evgeny V."]
[WhiteFideId "5018625"]
[BlackFideId "4122046"]
[WhiteElo "2332"]
[BlackElo "1931"]
[Result "1-0"]
[Round "01"]
[TimeControl "180+1"]
[Date "2022.04.19"]
[WhiteClock "0:01:51"]
[BlackClock "0:00:16"]

1. d4 Nf6 2. Nf3 d5 3. c4 e6 4. g3 dxc4 5. Bg2 Nc6 6. O-O Rb8 7. e3 b5 8. Qe2 Bd6 9. b3 cxb3 10. axb3 O-O 11. Bd2 e5 12. Rc1 Bd7 13. Ne1 Qe8 14. d5 Ne7 15. e4 Nc8 16. Nd3 h6 17. b4 Nh7 18. Nc5 f5 19. exf5 Bxf5 20. Ne4 Nf6 21. Nxd6 cxd6 22. Nc3 Rb7 23. Be3 Ng4 24. Bd2 Qh5 25. h3 Nf6 26. Qxh5 Nxh5 27. g4 Bd3 28. gxh5 Nb6 29. Be3 Nc4 30. Rxa7 Rxa7 31. Bxa7 1-0


[Site "https://www.chess.com"]

[Event "Titled Tuesday Blitz April 19 Early 2022"]
[White "Lashkin, Jegor"]
[Black "Ismayil, Malak"]
[WhiteFideId "13907808"]
[BlackFideId "13412604"]
[WhiteElo "2368"]
[BlackElo "1879"]
[Result "1-0"]
[Round "01"]
[TimeControl "180+1"]
[Date "2022.04.19"]
[WhiteClock "0:01:18"]
[BlackClock "0:00:21"]

1. Nf3 Nf6 2. c4 e6 3. b3 d5 4. Bb2 Be7 5. e3 O-O 6. Nc3 c6 7. d4 Nbd7 8. Bd3 Qc7 9. O-O b6 10. Rc1 Bb7 11. Qe2 Rac8 12. cxd5 exd5 13. Rfd1 Rfe8 14. Bf5 g6 15. Bd3 Nf8 16. Ne5 Qd6 17. f4 N8d7 18. Qf3 Bf8 19. Qh3 Bg7 20. a4 Nf8 21. Ra1 N6d7 22. Ba3 Qc7 23. Rac1 Nxe5 24. dxe5 Qb8 25. Bd6 Qa8 26. e4 d4 27. Ne2 c5 28. Ng3 Ne6 29. Rf1 Rcd8 30. f5 Ng5 31. Qg4 Rxd6 32. exd6 Nxe4 33. d7 Rd8 34. Bxe4 Rxd7 35. f6 1-0


[Site "https://www.chess.com"]

[Event "Titled Tuesday Blitz April 19 Early 2022"]
[White "Lauridsen, Jesper Morch"]
[Black "Ratnakaran, K."]
[WhiteFideId "1401890"]
[BlackFideId "5005507"]
[WhiteElo "2238"]
[BlackElo "2407"]
[Result "1/2-1/2"]
[Round "01"]
[TimeControl "180+1"]
[Date "2022.04.19"]
[WhiteClock "0:00:15"]
[BlackClock "0:01:51"]

1. e4 e6 2. d4 d5 3. exd5 exd5 4. Nf3 Nc6 5. Bb5 a6 6. Bxc6+ bxc6 7. O-O Bd6 8. Re1+ Ne7 9. Ne5 O-O 10. Nd2 f6 11. Nd3 a5 12. Nf3 Ng6 13. Nc5 Re8 14. Rxe8+ Qxe8 15. Bd2 Bg4 16. h3 Bf5 17. c3 Qe7 18. b4 axb4 19. cxb4 Ra3 20. Bc1 Rc3 21. Bb2 Rc2 22. Rb1 Nf4 23. Nh4 Be4 24. f3 Ne2+ 25. Kf1 Ng3+ 26. Kg1 Rxc5 27. bxc5 Bxb1 28. cxd6 Qe3+ 29. Kh2 Qf4 30. d7 Ne4+ 31. Kg1 Qe3+ 32. Kh2 Qf4+ 33. Kg1 Qe3+ 34. Kh2 Qf4+ 1/2-1/2


[Site "https://www.chess.com"]

[Event "Titled Tuesday Blitz April 19 Early 2022"]
[White "Le Ruyet, Leopold"]
[Black "Kollars, Dmitrij"]
[WhiteFideId "645923"]
[BlackFideId "12909572"]
[WhiteElo "2276"]
[BlackElo "2584"]
[Result "0-1"]
[Round "01"]
[TimeControl "180+1"]
[Date "2022.04.19"]
[WhiteClock "0:00:14"]
[BlackClock "0:01:16"]

1. e4 c6 2. d4 d5 3. e5 Bf5 4. h4 h5 5. Bd3 Bxd3 6. Qxd3 Qa5+ 7. Nd2 e6 8. Nf3 Nh6 9. c4 Nf5 10. b3 Be7 11. Bb2 O-O 12. O-O Rd8 13. a3 c5 14. b4 cxb4 15. axb4 dxc4 16. Nxc4 Qc7 17. Rfc1 Nc6 18. b5 Nb4 19. Qe4 Qd7 20. b6 a6 21. Ba3 Nxd4 22. Nxd4 Qxd4 23. Qxb7 Bc5 24. Qf3 Nd3 25. Bxc5 Qxc5 26. b7 Rab8 27. Rd1 Qxc4 28. Ra3 Nxe5 29. Rxd8+ Rxd8 30. Qg3 Qc1+ 31. Kh2 Ng4+ 0-1


[Site "https://www.chess.com"]

[Event "Titled Tuesday Blitz April 19 Early 2022"]
[White "Legenia, Artem"]
[Black "Jaferian, Koosha"]
[WhiteFideId "14136945"]
[BlackFideId "12507440"]
[WhiteElo "1936"]
[BlackElo "2030"]
[Result "0-1"]
[Round "01"]
[TimeControl "180+1"]
[Date "2022.04.19"]
[WhiteClock "0:00:43"]
[BlackClock "0:00:55"]

1. Nf3 d5 2. g3 g6 3. Bg2 Bg7 4. O-O e5 5. d3 Ne7 6. Nc3 c6 7. e4 Qc7 8. h3 O-O 9. Bg5 Be6 10. Nd2 f6 11. exd5 cxd5 12. Be3 d4 13. Nce4 dxe3 14. fxe3 Nbc6 15. Qe2 Rad8 16. Nb3 b6 17. Rad1 Bf7 18. d4 exd4 19. Nxd4 Nxd4 20. exd4 Nf5 21. Qf2 Bd5 22. g4 Bxe4 23. Bxe4 Nd6 24. Bd5+ Kh8 25. c3 f5 26. Qg3 Nb5 27. Qxc7 Nxc7 28. Bg2 f4 29. d5 Be5 30. g5 Bd6 31. Rf3 Rf5 32. h4 Rxd5 33. Rxd5 Nxd5 34. Rd3 Ne3 35. Bf3 Bc7 36. Rxd8+ Bxd8 37. Kf2 Be7 38. Ke2 Bd6 39. Kd3 Kg7 40. Ke4 Nc4 41. Kd5 Nd2 42. Bg4 Bf8 43. Kd4 f3 44. Kd3 f2 0-1


[Site "https://www.chess.com"]

[Event "Titled Tuesday Blitz April 19 Early 2022"]
[White "Lewicki, Miroslaw"]
[Black "Nakamura, Hikaru"]
[WhiteFideId "1113380"]
[BlackFideId "2016192"]
[WhiteElo "2283"]
[BlackElo "2850"]
[Result "0-1"]
[Round "01"]
[TimeControl "180+1"]
[Date "2022.04.19"]
[WhiteClock "0:00:02"]
[BlackClock "0:01:15"]

1. e4 c6 2. Nf3 d5 3. exd5 cxd5 4. g3 Nc6 5. Bg2 Bg4 6. O-O e6 7. b3 Be7 8. Bb2 Bf6 9. d4 Nge7 10. h3 Bxf3 11. Bxf3 O-O 12. c3 b5 13. Nd2 b4 14. cxb4 Nxd4 15. Bxd4 Bxd4 16. Rc1 Qb6 17. Nc4 dxc4 18. Bxa8 Rxa8 19. Rxc4 e5 20. Qf3 Re8 21. a4 Qe6 22. Kg2 f5 23. Rd1 Nd5 24. b5 e4 25. Qh5 g6 26. Qh6 Bg7 27. Qd2 e3 28. Qxd5 Qxd5+ 29. Rxd5 e2 30. Rc1 e1=Q 31. Rxe1 Rxe1 32. Rd7 Rb1 33. Rxa7 Rxb3 34. Rb7 Ra3 35. Ra7 Bd4 36. Ra8+ Kf7 37. a5 Ra2 38. a6 Rxf2+ 39. Kh1 Ra2 40. Rd8 Be5 41. Rd7+ Ke6 42. Rxh7 Bxg3 43. a7 Bf2 44. Rg7 Kf6 0-1


[Site "https://www.chess.com"]

[Event "Titled Tuesday Blitz April 19 Early 2022"]
[White "Liyanage, Ranindu Dilshan"]
[Black "Zor, Alber Kadir"]
[WhiteFideId "9915834"]
[BlackFideId "6353169"]
[WhiteElo "1858"]
[BlackElo "1966"]
[Result "1-0"]
[Round "01"]
[TimeControl "180+1"]
[Date "2022.04.19"]
[WhiteClock "0:00:46"]
[BlackClock "0:00:02"]

1. d4 Nf6 2. Nc3 d5 3. Bf4 a6 4. e3 e6 5. Nf3 Bd6 6. Bd3 O-O 7. O-O c5 8. dxc5 Bxc5 9. e4 h6 10. Qe2 Nc6 11. Rad1 Re8 12. h3 b5 13. e5 Nd7 14. Nh2 Nd4 15. Qg4 Kh8 16. Qh5 Kg8 17. Ng4 Bf8 18. Be3 Nf5 19. Bxf5 exf5 20. Qxf5 Nxe5 21. Qf4 Nxg4 22. hxg4 Be6 23. Qf3 Qf6 24. Nxd5 1-0


[Site "https://www.chess.com"]

[Event "Titled Tuesday Blitz April 19 Early 2022"]
[White "Lysyj, Igor"]
[Black "Lach, Aleksandra"]
[WhiteFideId "4150120"]
[BlackFideId "1134299"]
[WhiteElo "2611"]
[BlackElo "2172"]
[Result "1-0"]
[Round "01"]
[TimeControl "180+1"]
[Date "2022.04.19"]
[WhiteClock "0:00:34"]
[BlackClock "0:00:16"]

1. d4 f5 2. Qd3 d6 3. Nc3 Nf6 4. Bg5 e6 5. Bxf6 Qxf6 6. e4 c6 7. Nf3 fxe4 8. Nxe4 Qg6 9. O-O-O Be7 10. Qe3 O-O 11. Bd3 Qh5 12. Neg5 Bxg5 13. Nxg5 g6 14. h3 Na6 15. Be2 Qh6 16. Bxa6 bxa6 17. f4 Bd7 18. h4 Rae8 19. g4 e5 20. dxe5 Bxg4 21. Rxd6 Qg7 22. Rg1 Bf5 23. h5 Qb7 24. hxg6 hxg6 25. Ne4 Rb8 26. b3 Qe7 27. Rgxg6+ Bxg6 28. Rxg6+ Kf7 29. Qg3 Rg8 30. e6+ Qxe6 31. Ng5+ Kxg6 32. Nxe6+ Kf5 33. Qh3+ Ke4 34. f5 Rg1+ 35. Kb2 Rbg8 36. Qd3+ Ke5 37. Nc5 R8g5 38. f6 Kxf6 39. Ne4+ 1-0


[Site "https://www.chess.com"]

[Event "Titled Tuesday Blitz April 19 Early 2022"]
[White "Makarian, Rudik"]
[Black "Niyazgulova, Marina"]
[WhiteFideId "44105681"]
[BlackFideId "24142573"]
[WhiteElo "2388"]
[BlackElo "2046"]
[Result "1-0"]
[Round "01"]
[TimeControl "180+1"]
[Date "2022.04.19"]
[WhiteClock "0:01:35"]
[BlackClock "0:00:16"]

1. d4 d5 2. c4 c6 3. Nf3 Nf6 4. Nc3 dxc4 5. e3 Bg4 6. Bxc4 e6 7. h3 Bxf3 8. Qxf3 Bb4 9. O-O O-O 10. a3 Ba5 11. b4 Bc7 12. Rd1 Nbd7 13. Bb2 Qe7 14. Ne4 Nxe4 15. Qxe4 Nf6 16. Qc2 Rfd8 17. Rac1 Rac8 18. Qb3 h6 19. a4 Qd6 20. f4 Nd5 21. b5 cxb5 22. axb5 Ba5 23. Ba3 Qd7 24. Kf2 Rc7 25. Bxd5 Qxd5 26. Qxd5 Rxd5 27. Rxc7 Bxc7 28. Rc1 Bb6 29. Bc5 Bxc5 30. dxc5 Rd8 31. Ke2 Kf8 32. Ra1 Ra8 33. Kd3 Ke7 34. Kc4 Kd7 35. b6 a6 36. Rd1+ Ke7 37. c6 bxc6 38. Kc5 a5 39. b7 Rb8 40. Kxc6 a4 41. Kc7 1-0


[Site "https://www.chess.com"]

[Event "Titled Tuesday Blitz April 19 Early 2022"]
[White "Maksimenko, Viktor"]
[Black "Karavaeva, Olga"]
[WhiteFideId "13710478"]
[BlackFideId "4124111"]
[WhiteElo "2269"]
[BlackElo "2105"]
[Result "1-0"]
[Round "01"]
[TimeControl "180+1"]
[Date "2022.04.19"]
[WhiteClock "0:00:52"]
[BlackClock "0:00:32"]

1. d4 d5 2. c4 e6 3. Nf3 c6 4. g3 Nf6 5. Bg2 Nbd7 6. O-O dxc4 7. a4 b5 8. axb5 cxb5 9. Ne5 Nd5 10. e4 N5f6 11. Nc6 Qb6 12. d5 Bc5 13. dxe6 fxe6 14. e5 Bb7 15. exf6 Bxc6 16. fxg7 Rg8 17. Qh5+ Ke7 18. Bg5+ Kd6 19. Qxh7 Bd4 20. Rd1 Kc7 21. Bxc6 Kxc6 22. Qe4+ Kc7 23. Qxd4 Qxd4 24. Rxd4 Rxg7 25. Be3 a5 26. Na3 Rb8 27. Rad1 Rb7 28. h4 e5 29. Rd5 Kc6 30. h5 Rh7 31. h6 1-0


[Site "https://www.chess.com"]

[Event "Titled Tuesday Blitz April 19 Early 2022"]
[White "Mangialardo, Tiago Carvalho"]
[Black "Vusatiuk, Vladimir"]
[WhiteFideId "2130718"]
[BlackFideId "14118610"]
[WhiteElo "2039"]
[BlackElo "2157"]
[Result "0-1"]
[Round "01"]
[TimeControl "180+1"]
[Date "2022.04.19"]
[WhiteClock "0:00:03"]
[BlackClock "0:00:15"]

1. e4 c5 2. Nf3 d6 3. Bb5+ Nc6 4. Bxc6+ bxc6 5. h3 g6 6. O-O Bg7 7. Qe2 e5 8. c3 Ne7 9. Rd1 f5 10. d4 cxd4 11. cxd4 fxe4 12. Qxe4 d5 13. Qh4 e4 14. Ne5 O-O 15. Bg5 Re8 16. Nxc6 Nxc6 17. Bxd8 Nxd8 18. Nc3 Be6 19. Nb5 Rb8 20. Nc7 Rf8 21. b3 Bf7 22. Rac1 Rb6 23. Rc5 Rd6 24. Qe7 Nb7 25. Rb5 Bf6 26. Nxd5 Bxe7 27. Nxe7+ Kg7 28. Rxb7 Rfd8 29. d5 Kf6 30. Nc6 Rxc6 0-1


[Site "https://www.chess.com"]

[Event "Titled Tuesday Blitz April 19 Early 2022"]
[White "Marczuk, Dominik"]
[Black "Zemerov, Vladimir"]
[WhiteFideId "1111264"]
[BlackFideId "4111583"]
[WhiteElo "1912"]
[BlackElo "2277"]
[Result "0-1"]
[Round "01"]
[TimeControl "180+1"]
[Date "2022.04.19"]
[WhiteClock "0:00:05"]
[BlackClock "0:00:16"]

1. e4 c6 2. d4 d5 3. f3 dxe4 4. fxe4 e5 5. Nf3 Be6 6. c3 Nd7 7. Bd3 Ngf6 8. O-O h6 9. Nbd2 Bd6 10. Nc4 Bxc4 11. Bxc4 Qc7 12. Qc2 g5 13. Kh1 Rf8 14. a4 Nh5 15. d5 Nf4 16. dxc6 bxc6 17. a5 Nc5 18. b4 Nce6 19. Be3 Be7 20. Rfd1 g4 21. Ne1 Rg8 22. Rd2 h5 23. Rad1 h4 24. b5 g3 25. h3 cxb5 26. Bxb5+ Kf8 27. Rd7 Qxa5 28. Rb7 Rd8 29. Rxd8+ Bxd8 30. Bxa7 Qa1 31. Qd2 Be7 32. Bg1 Bg5 33. Qd6+ Kg7 34. Qxe5+ Bf6 35. Qd5 Qxe1 36. Qd7 Rf8 37. Bc4 Nxh3 38. gxh3 g2+ 39. Kxg2 Qxe4+ 40. Kf1 Qxc4+ 41. Ke1 Qe4+ 42. Kd1 Rd8 43. Kc1 Rxd7 44. Rxd7 Qe1+ 45. Rd1 Qxg1 46. Kb1 Qc5 0-1


[Site "https://www.chess.com"]

[Event "Titled Tuesday Blitz April 19 Early 2022"]
[White "Martic, Ivan"]
[Black "Le, Tuan Minh"]
[WhiteFideId "929301"]
[BlackFideId "12401153"]
[WhiteElo "2317"]
[BlackElo "2450"]
[Result "1/2-1/2"]
[Round "01"]
[TimeControl "180+1"]
[Date "2022.04.19"]
[WhiteClock "0:00:09"]
[BlackClock "0:00:10"]

1. e4 c5 2. Nf3 Nf6 3. e5 Nd5 4. Nc3 e6 5. Nxd5 exd5 6. d4 Nc6 7. c3 d6 8. exd6 Bxd6 9. dxc5 Bxc5 10. Bd3 O-O 11. O-O h6 12. Re1 d4 13. c4 Be6 14. a3 a5 15. b3 Qf6 16. Bd2 Rfe8 17. h3 b6 18. Be4 Rac8 19. Qb1 Bf8 20. Qd3 Red8 21. Bh7+ Kh8 22. Be4 g6 23. Rec1 Kg7 24. Re1 Ne7 25. Bc1 a4 26. Bb2 Kh7 27. Bxd4 Qf4 28. g3 Qc7 29. Qe3 axb3 30. Bxb6 Qxc4 31. Bxd8 Rxd8 32. Ne5 Qc7 33. Ng4 Bg7 34. Rac1 Qa5 35. Bg2 b2 36. Rb1 h5 37. Nh2 Nf5 38. Qe2 Rb8 39. Nf3 Qxa3 40. Ng5+ Kh8 41. Nxe6 fxe6 42. Qxe6 Kh7 43. Be4 Rf8 44. g4 hxg4 45. hxg4 Nh4 46. Re3 Qc5 47. Rf1 Rf4 48. Bxg6+ Nxg6 49. Rh3+ Bh6 50. Qd7+ Ne7 51. g5 Qxg5+ 52. Rg3 Qf6 53. Qd3+ Rf5 54. Re1 Kh8 55. Rxe7 Qxe7 56. Qxf5 Qe1+ 57. Kg2 Qe7 58. Qc8+ Bf8 59. Qc3+ Bg7 60. Rh3+ Kg8 61. Qb3+ Qf7 62. Qb8+ Qf8 63. Qb3+ Qf7 64. Rf3 Qxb3 65. Rxb3 Kf7 66. Kf3 Ke6 67. Rb5 Kd6 68. Ke2 Kc6 69. Rb3 Kd5 70. Kd1 Kc4 71. Kc2 Bf6 72. Rf3 Be5 73. Rf7 Kd5 74. f3 Ke6 75. Rb7 Kf6 76. Rb3 Kf5 77. Kd1 Kf4 78. Ke2 Kf5 79. Rb4 Ke6 80. Ke3 Kd5 81. Rb5+ Kc4 82. Rb7 Bc3 83. Rxb2 Bxb2 84. Ke4 Kc5 85. f4 Kd6 86. Kf5 Ke7 87. Kg6 Bf6 88. f5 Bc3 89. f6+ Bxf6 1/2-1/2


[Site "https://www.chess.com"]

[Event "Titled Tuesday Blitz April 19 Early 2022"]
[White "Martinez Alcantara, Jose Eduardo"]
[Black "Dixit, Nikhil"]
[WhiteFideId "3805662"]
[BlackFideId "5059534"]
[WhiteElo "2690"]
[BlackElo "2223"]
[Result "1-0"]
[Round "01"]
[TimeControl "180+1"]
[Date "2022.04.19"]
[WhiteClock "0:00:28"]
[BlackClock "0:00:08"]

1. e4 g6 2. d4 Bg7 3. c3 c5 4. dxc5 Qc7 5. Be3 Nf6 6. Nd2 O-O 7. h3 b6 8. cxb6 axb6 9. Bd3 Bb7 10. Ngf3 d6 11. O-O Nbd7 12. Qc2 d5 13. Rfe1 e5 14. Bg5 h6 15. Bxf6 Nxf6 16. exd5 Nxd5 17. Qb3 Kh7 18. Qc4 Qxc4 19. Bxc4 f5 20. Bxd5 Bxd5 21. Nxe5 Rxa2 22. Rxa2 Bxa2 23. Nd7 Rd8 24. Re7 Kg8 25. Nf3 Bf7 26. Nfe5 Be8 27. f4 g5 28. g3 gxf4 29. gxf4 Bh5 30. Kf2 Bxe5 31. fxe5 Ra8 32. Nf6+ Kf8 33. Rh7 Bf7 34. Rh8+ Kg7 35. Rxa8 Bd5 36. Nxd5 1-0


[Site "https://www.chess.com"]

[Event "Titled Tuesday Blitz April 19 Early 2022"]
[White "Matlakov, Maxim"]
[Black "Gulevich, Artem"]
[WhiteFideId "4168003"]
[BlackFideId "24119580"]
[WhiteElo "2669"]
[BlackElo "2218"]
[Result "1-0"]
[Round "01"]
[TimeControl "180+1"]
[Date "2022.04.19"]
[WhiteClock "0:02:35"]
[BlackClock "0:02:16"]

1. d4 d5 2. c4 c6 3. Nf3 Nf6 4. Qc2 e6 5. g3 Nbd7 6. Nbd2 Be7 7. Bg2 b6 8. O-O Bb7 9. e4 O-O 10. e5 Ne8 11. cxd5 cxd5 12. Re1 Rc8 13. Qa4 Nc7 14. Bf1 b5 15. Qb3 a5 16. Qe3 b4 17. Bd3 Ba6 18. Bb1 Re8 19. h4 a4 20. Nf1 Bxf1 21. Rxf1 Nb5 22. Qd3 1-0


[Site "https://www.chess.com"]

[Event "Titled Tuesday Blitz April 19 Early 2022"]
[White "Mayaud, Raphael"]
[Black "Kosteniuk, Alexandra"]
[WhiteFideId "627151"]
[BlackFideId "4128125"]
[WhiteElo "2191"]
[BlackElo "2469"]
[Result "0-1"]
[Round "01"]
[TimeControl "180+1"]
[Date "2022.04.19"]
[WhiteClock "0:00:12"]
[BlackClock "0:00:51"]

1. d4 Nf6 2. Bg5 d5 3. Bxf6 gxf6 4. c4 dxc4 5. e3 c5 6. Bxc4 cxd4 7. Nc3 Nc6 8. Qh5 e6 9. O-O-O Bb4 10. Nge2 Qa5 11. Qxa5 Bxa5 12. exd4 Bd7 13. d5 Ne5 14. Bb5 O-O-O 15. dxe6 fxe6 16. Bxd7+ Rxd7 17. Rxd7 Kxd7 18. Rd1+ Ke7 19. f4 Nc4 20. Rd4 Rc8 21. Kb1 Bb6 22. Rd3 Ne3 23. g3 Ng4 24. Na4 Nxh2 25. Nxb6 axb6 26. Nd4 Rd8 27. Kc2 Ng4 28. Nb5 Rxd3 29. Kxd3 f5 30. a4 Nf2+ 31. Ke3 Ne4 32. g4 Nc5 33. gxf5 exf5 34. Nc3 Ke6 35. b4 Nd7 36. Nb5 Nf8 37. Nd4+ Kf6 38. a5 bxa5 39. bxa5 Ne6 40. Nb5 h5 41. Nd6 Nc5 42. Nxb7 Nxb7 43. a6 Nd6 44. a7 Nc4+ 45. Kd4 Nb6 46. Kc5 Na8 47. Kc6 h4 48. Kb7 h3 49. Kxa8 h2 50. Kb7 h1=Q+ 51. Kb8 Qb1+ 52. Ka8 Qe4+ 53. Kb8 Qxf4+ 54. Kb7 Qe4+ 0-1


[Site "https://www.chess.com"]

[Event "Titled Tuesday Blitz April 19 Early 2022"]
[White "Mekhitarian, Krikor Sevag"]
[Black "Vovk, Orest"]
[WhiteFideId "2107660"]
[BlackFideId "14113490"]
[WhiteElo "2598"]
[BlackElo "2203"]
[Result "1-0"]
[Round "01"]
[TimeControl "180+1"]
[Date "2022.04.19"]
[WhiteClock "0:00:05"]
[BlackClock "0:00:10"]

1. e4 g5 2. d4 h6 3. Nc3 Bg7 4. h4 g4 5. h5 c5 6. dxc5 Bxc3+ 7. bxc3 Nc6 8. Qxg4 Nf6 9. Qg7 Rg8 10. Qxh6 Qa5 11. Ne2 Nxe4 12. Qe3 Nxc5 13. h6 d6 14. h7 Rh8 15. Bd2 Bf5 16. c4 Qa4 17. Nc3 Qxc2 18. Rc1 Nd3+ 19. Bxd3 Qxd3 20. Nd5 Qxe3+ 21. Bxe3 Kd7 22. c5 Rxh7 23. Rxh7 Bxh7 24. cxd6 Be4 25. Nc3 Bxg2 26. dxe7 Kxe7 27. Ke2 Rg8 28. Rb1 b6 29. Rb5 Ke6 30. Rh5 Rg6 31. Rh8 f5 32. Rf8 Be4 33. Re8+ Kd7 34. Rh8 Re6 35. Kd2 Rd6+ 36. Kc1 Rd3 37. Ne2 Bf3 38. Nf4 Rd1+ 39. Kc2 Rd6 40. Rh7+ Kc8 41. Rg7 Be4+ 42. Kc3 Nd8 43. Rxa7 Ne6 44. Ng6 Rc6+ 45. Kd2 Kb8 46. Rh7 Nc5 47. Ne5 Rd6+ 48. Kc3 Rd5 49. Bf4 Ka8 50. a3 Nb7 51. Rh6 Rc5+ 52. Kd2 Ka7 53. Nf7 Rc2+ 54. Ke3 Ra2 55. Kd4 Ka6 56. Be3 Nc5 57. Ke5 Rxa3 58. Bxc5 Kb5 59. Bxa3 Ka4 60. Bc1 b5 61. Nd6 b4 62. Nxe4 fxe4 63. Kxe4 1-0


[Site "https://www.chess.com"]

[Event "Titled Tuesday Blitz April 19 Early 2022"]
[White "Melaugh, Shane"]
[Black "Shirov, Alexei"]
[WhiteFideId "2509580"]
[BlackFideId "2209390"]
[WhiteElo "1972"]
[BlackElo "2678"]
[Result "0-1"]
[Round "01"]
[TimeControl "180+1"]
[Date "2022.04.19"]
[WhiteClock "0:00:17"]
[BlackClock "0:01:09"]

1. c4 c6 2. Nc3 d5 3. cxd5 cxd5 4. d4 Nf6 5. Nf3 Nc6 6. Bf4 a6 7. e3 Bg4 8. Be2 e6 9. O-O Bd6 10. Ne5 Bxe2 11. Qxe2 Bxe5 12. dxe5 Nd7 13. Qg4 g6 14. Qg3 O-O 15. e4 d4 16. Ne2 Nc5 17. Qf3 d3 18. Rfd1 Qb6 19. Bh6 Qxb2 20. Nf4 Nxe5 21. Qe3 Rfc8 22. Rab1 Qxa2 23. Qd4 f6 24. Nxd3 Nexd3 25. Qxf6 Qxf2+ 26. Qxf2 Nxf2 27. Kxf2 Nxe4+ 28. Ke3 Nc3 29. Bf4 Nxd1+ 30. Rxd1 Rd8 31. Rb1 b5 32. Rc1 Rac8 33. Ra1 Rc6 34. Be5 Rd5 35. Bb2 b4 36. g4 a5 37. Rf1 a4 38. h4 a3 39. Bf6 b3 40. h5 gxh5 41. g5 b2 0-1


[Site "https://www.chess.com"]

[Event "Titled Tuesday Blitz April 19 Early 2022"]
[White "Mika, Tomasz"]
[Black "Koelle, Tobias"]
[WhiteFideId "1132970"]
[BlackFideId "16207378"]
[WhiteElo "2116"]
[BlackElo "2541"]
[Result "1-0"]
[Round "01"]
[TimeControl "180+1"]
[Date "2022.04.19"]
[WhiteClock "0:00:34"]
[BlackClock "0:01:48"]

1. d4 Nf6 2. Nf3 g6 3. g3 Bg7 4. Bg2 O-O 5. O-O c5 6. dxc5 Qa5 7. Be3 Ne4 8. c3 Qc7 9. Na3 a6 10. Qd5 Nf6 11. Qb3 Nc6 12. Nc4 Ng4 13. Bf4 e5 14. Bg5 h6 15. Bd2 Na5 16. Nxa5 Qxa5 17. h3 Nf6 18. Be3 Qb6 19. cxb6 d6 20. Rfd1 Be6 21. Qa3 Ne4 22. Nxe5 Nxg3 23. fxg3 dxe5 24. Bxb7 Rab8 25. Bg2 Rfe8 26. Qxa6 f5 27. b7 Kh8 28. Ba7 Rxb7 29. Qxb7 f4 30. Qc6 Bf7 31. Qd7 Kg8 32. Bd5 Rf8 33. Bxf7+ Rxf7 34. Qxf7+ Kxf7 35. Rd7+ Kf6 36. Rxg7 Kxg7 37. gxf4 exf4 38. c4 Kf6 39. Kf2 Kg5 40. c5 Kh4 41. c6 g5 42. c7 h5 43. c8=Q f3 44. exf3 g4 45. hxg4 Kg5 46. gxh5 Kf4 47. Bb8+ Kg5 48. Rg1+ Kf6 49. Rg6+ Kf7 50. Qd7+ Kf8 51. Bd6# 1-0


[Site "https://www.chess.com"]

[Event "Titled Tuesday Blitz April 19 Early 2022"]
[White "Mirzoev, Azer"]
[Black "Namitbir Singh Walia"]
[WhiteFideId "13400304"]
[BlackFideId "35071068"]
[WhiteElo "2525"]
[BlackElo "1565"]
[Result "1-0"]
[Round "01"]
[TimeControl "180+1"]
[Date "2022.04.19"]
[WhiteClock "0:02:06"]
[BlackClock "0:01:05"]

1. c4 Nf6 2. Nc3 e6 3. e4 d5 4. e5 d4 5. exf6 dxc3 6. bxc3 Qxf6 7. Nf3 Nc6 8. Bd3 Bd6 9. Be4 Ne5 10. d4 Ng4 11. Bg5 h6 12. Bxf6 Nxf6 13. Bc2 b6 14. O-O Bb7 15. Ba4+ Ke7 16. Re1 g5 17. d5 g4 18. Nd4 1-0


[Site "https://www.chess.com"]

[Event "Titled Tuesday Blitz April 19 Early 2022"]
[White "Miszler, Levente"]
[Black "Laxman, R.R."]
[WhiteFideId "763276"]
[BlackFideId "5005361"]
[WhiteElo "1966"]
[BlackElo "2476"]
[Result "0-1"]
[Round "01"]
[TimeControl "180+1"]
[Date "2022.04.19"]
[WhiteClock "0:00:06"]
[BlackClock "0:01:21"]

1. Nf3 Nf6 2. c4 b6 3. g3 Bb7 4. Bg2 e6 5. O-O g6 6. b3 Bg7 7. Bb2 O-O 8. d3 c5 9. Nbd2 d5 10. e3 Nc6 11. a3 Qe7 12. Qc2 Rac8 13. Rfe1 Rfd8 14. e4 dxe4 15. dxe4 Ng4 16. h3 Nge5 17. Nxe5 Bxe5 18. Nf3 Bxb2 19. Qxb2 Nd4 20. Nxd4 Rxd4 21. Rad1 Rcd8 22. Rxd4 Rxd4 23. e5 Bxg2 24. Kxg2 Qb7+ 25. Kg1 Qf3 26. Qe2 Qxb3 27. h4 Qxc4 28. Qf3 Qd5 29. Qf6 Rd1 30. Rxd1 Qxd1+ 31. Kg2 Qd5+ 32. Kg1 c4 33. h5 Qd1+ 34. Kg2 Qxh5 35. Qd8+ Kg7 36. Qf6+ Kh6 37. Qxf7 Qxe5 38. Qf8+ Qg7 39. Qf4+ g5 40. Qxc4 Qd7 41. Kh2 Kg6 42. Qe4+ Kf6 43. Qf3+ Kg7 44. Qe3 h6 45. Qe5+ Kg6 46. Qe4+ Kg7 47. Qe5+ Kf7 48. f4 Qd2+ 49. Kh3 Qd5 50. Qc7+ Kg6 51. fxg5 Qh1+ 52. Kg4 Qe4+ 53. Kh3 h5 54. Kh2 Qe2+ 55. Kh3 Qf3 56. Kh2 Qxa3 57. Qd8 Qa2+ 58. Kh3 Qa1 59. Qg8+ Kf5 60. Qf7+ Kxg5 61. Qg8+ Kh6 62. Qf8+ Qg7 63. Qf4+ Kh7 64. Qe4+ Kh8 65. Qa8+ Kh7 66. Qe4+ Kh6 67. Qe3+ Kg6 68. Qe4+ Kf6 69. Qf4+ Ke7 70. Qc7+ Kf8 71. Qd8+ Kf7 72. Qd7+ Kf6 73. Qd4+ e5 74. Qd6+ Kf5 75. Qd3+ e4 76. Qd5+ Qe5 77. Qf7+ Kg5 78. Qg8+ Kf6 79. Qf8+ Ke6 80. Qe8+ Kd5 81. Qd7+ Qd6 82. Qf5+ Kd4 83. Qxh5 e3 84. Qd1+ Ke5 85. Qh5+ Ke4 86. Qg4+ Kd5 87. Qf5+ Qe5 88. Qd3+ Kc5 89. Qc2+ Kd6 90. Qd3+ Kc7 91. Qc2+ Kb7 92. Qh7+ Ka6 93. Qd3+ b5 94. Qa3+ Kb6 95. Qd3 e2 96. Qg6+ Kc5 97. Qc2+ Kb6 98. Qg6+ Ka5 0-1


[Site "https://www.chess.com"]

[Event "Titled Tuesday Blitz April 19 Early 2022"]
[White "Mitrabha, Guha"]
[Black "Kahlert, Thomas"]
[WhiteFideId "5057000"]
[BlackFideId "4625242"]
[WhiteElo "2468"]
[BlackElo "2228"]
[Result "1-0"]
[Round "01"]
[TimeControl "180+1"]
[Date "2022.04.19"]
[WhiteClock "0:02:09"]
[BlackClock "0:02:28"]

1. Nf3 Nf6 2. d4 g6 3. Nbd2 d5 4. b4 Bg7 5. e3 O-O 6. c4 a5 7. b5 dxc4 8. Bxc4 Nbd7 9. O-O Nb6 10. Be2 Bd7 11. a4 c6 12. bxc6 Bxc6 13. Bb2 Qd7 14. Ne5 Qe8 15. Nxc6 Qxc6 16. Bf3 Qd7 17. Qb3 Nbd5 18. Nc4 Ra6 19. Rfc1 h5 20. h3 Nb4 21. Nxa5 Rxa5 22. Qxb4 Rfa8 23. Qxb7 Rxa4 24. Qxd7 1-0


[Site "https://www.chess.com"]